 Dungeon Crawl Stone Soup version 0.27.1-33-g824d729ab1 (webtiles) character file.

Game seed: 10787333291760543050

62 Holzbalken the Chopper (level 3, -9/27 HPs)
             Began as a Demonspawn Gladiator on Dec 8, 2021.
             Mangled by a goblin (14 damage)
             ... on level 2 of the Dungeon.
             The game lasted 00:03:34 (1711 turns).

Holzbalken the Chopper (Demonspawn Gladiator)       Turns: 1711, Time: 00:03:38

Health: -9/27      AC:  4    Str: 15    XL:     3   Next: 85%
Magic:  3/3        EV: 12    Int:  9    God:
Gold:   18         SH:  0    Dex: 14    Spells: 2/2 levels left

rFire    . . .     SeeInvis .   a - +0 war axe
rCold    . . .     Faith    .   (no shield)
rNeg     . . .     Spirit   .   b - +0 leather armour
rPois    .         Reflect  .   c - +0 helmet
rElec    .         Harm     .   (no cloak)
rCorr    .         Rampage  .   (no gloves)
Will     +....                  (no boots)
Stlth    +.........             (no amulet)
HPRegen  0.09/turn              l - ring of willpower
MPRegen  0.08/turn              (no ring)

@: no status effects
A: claws 1, ignite blood 1
a: no special abilities


You were on level 2 of the Dungeon.
You visited 1 branch of the dungeon, and saw 2 of its levels.

You collected 18 gold pieces.

Inventory:

Hand Weapons
 a - a +0 war axe (weapon)
Missiles
 d - 3 throwing nets (quivered)
Armour
 b - a +0 leather armour (worn)
 c - a +0 helmet (worn)
Jewellery
 l - a ring of willpower (left claw)
Scrolls
 f - a scroll of vulnerability {unknown}
 g - a scroll of enchant weapon {unknown}
 h - a scroll of identify {unknown}
Potions
 e - a potion of haste {unknown}
 i - a potion of degeneration {unknown}
 j - a potion of mutation {unknown}
 k - a potion of curing {unknown}


   Skills:
 - Level 2.0 Fighting
 + Level 4.4 Axes
 - Level 1.7 Throwing
 - Level 2.6 Dodging


You had 2 spell levels left.
You didn't know any spells.
Your spell library contained the following spells:

 Spells                   Type           Power      Damage    Failure   Level
 Animate Skeleton         Necr           0%         N/A       45%         1
 Pain                     Necr           0%         1d4       45%         1
 Vampiric Draining        Necr           0%         2d6       83%         3


Dungeon Overview and Level Annotations

Branches:
Dungeon (2/15)

Altars:


Innate Abilities, Weirdness & Mutations

You have sharp fingernails.
Your demonic aura sometimes causes spilled blood to erupt in flames.


Message History

You slash the worm!
You kill the worm!
You start resting.
HP restored.
A goblin comes into view.
It is wielding a +1 dagger of electrocution.
A ball python comes into view.
Found a shiny opal ring.
The goblin shouts!
Found 13 gold pieces.
The goblin hits you but does no damage.
You completely miss the goblin.
The ball python hisses angrily.
The goblin hits you but does no damage.
You are electrocuted!!
Ouch! That really hurt!
* * * LOW HITPOINT WARNING * * *
You are too injured to fight recklessly!
You are too injured to fight recklessly!
You are too injured to fight recklessly!
You are too injured to fight recklessly!
You are too injured to fight recklessly!
You are too injured to fight recklessly!
You are too injured to fight recklessly!
You are too injured to fight recklessly!
You are too injured to fight recklessly!
You are too injured to fight recklessly!
You are too injured to fight recklessly!
You are too injured to fight recklessly!
You are too injured to fight recklessly!
You are too injured to fight recklessly!
You are too injured to fight recklessly!
You are too injured to fight recklessly!
You are too injured to fight recklessly!
You are too injured to fight recklessly!
You closely miss the goblin. You hit the ball python.
You kill the ball python!
The goblin hits you with a +1 dagger of electrocution.
* * * LOW HITPOINT WARNING * * *
You are electrocuted!
Ouch! That really hurt!
You die...

......(.....(..#..........
..........................
##8###8#..................
#######..................
......#..##.............
.........######.........
.........# #..........
.........# #.........#
.......@.# ........<..
......†g..# ..........#
............. .....##.##
...........=....#####...
......................#.
..............# #.<.
..........$.### ###.
............# #. ##


You could see a goblin.

Vanquished Creatures
  An adder (D:2)
  2 worms (D:2)
  A dart slug (D:1)
  10 ball pythons
  2 bats (D:1)
  6 endoplasms
  2 giant cockroaches (D:1)
  3 goblins
  3 hobgoblins (D:1)
  2 jackals (D:2)
  4 kobolds (D:1)
  2 quokkas (D:1)
  A frilled lizard (D:2)
  A rat (D:1)
40 creatures vanquished.

Vanquished Creatures (others)
  5 fungi (D:1)
  6 plants (D:1)
11 creatures vanquished.

Grand Total: 51 creatures vanquished

Notes
Turn   | Place    | Note
-------+----------+-------------------------------------------
     0 | D:1      | Holzbalken the Demonspawn Gladiator began the quest for the
                  | Orb.
     0 | D:1      | Reached XP level 1. HP: 16/16 MP: 1/1
   121 | D:1      | Reached skill level 3 in Axes
   197 | D:1      | Gained mutation: Your demonic aura sometimes causes spilled
                  | blood to erupt in flames. [demonic ancestry]
   197 | D:1      | Reached XP level 2. HP: 22/22 MP: 2/2
   351 | D:1      | Found a faded altar of an unknown god.
   606 | D:1      | Gained mutation: You have sharp fingernails. [demonic
                  | ancestry]
   606 | D:1      | Reached XP level 3. HP: 27/27 MP: 3/3
   733 | D:1      | Reached skill level 4 in Axes
  1711 | D:2      | Mangled by a goblin

Illustrated notes

Levels and vault maps discovered:
D:1:      heliophobic_arrival_ceremonial_halls, layout_basic,
          shapermc_ecumenical_altar_mp_urbaneastern, serial_corexii_hall,
          corexii_hall_statues_i, corexii_hall_statues_u, corexii_hall_statues_u
D:2:      layout_rooms, serial_corexii_hall, corexii_hall_statues_x,
          chequers_hall_statues_wall_a

Skill      XL: |  1  2  3 |
---------------+----------+-----
Axes           | 3 4 |  4.4
Fighting       | |  2.0
Throwing       | |  1.7
Dodging        | |  2.6

Action                   || total
-------------------------++-------
Melee: War axe           ||    96
Armor: Leather armour    ||    31
Dodge: Dodged            ||    63
